 Dungeon Crawl Stone Soup version 0.26.0-57-g60708a5e39 (webtiles) character file.

Game seed: 56812664137905437

25 Gadfly the Cudgeller (level 3, -5/36 HPs)
             Began as an Ogre Gladiator on Feb 2, 2021.
             Slain by a gnoll
             ... wielding a +0 halberd
              (16 damage)
             ... on level 2 of the Dungeon.
             The game lasted 00:01:57 (1473 turns).

Gadfly the Cudgeller (Ogre Gladiator)               Turns: 1473, Time: 00:01:58

Health: -5/36      AC:  3    Str: 17    XL:     3   Next: 4%
Magic:  3/3        EV: 10    Int:  9    God:
Gold:   92         SH:  0    Dex: 12    Spells: 2/2 levels left

rFire    . . .     SeeInvis .   b - +3 dagger (venom)
rCold    . . .     Faith    .   (no shield)
rNeg     . . .     Spirit   .   j - +0 robe
rPois    .         Reflect  .   c - +0 hat
rElec    +         Harm     .   (no cloak)
rCorr    .         Rampage  .   (gloves unavailable)
Will     .....                  (boots unavailable)
Stlth    +.........             (no amulet)
HPRegen  0.12/turn              (no ring)
MPRegen  0.08/turn              (no ring)

@: no status effects
A: large, unfitting armour, agile 1, electricity resistance, tough skin 1, weak
1
a: no special abilities


You were on level 2 of the Dungeon.
You visited 1 branch of the dungeon, and saw 2 of its levels.

You collected 92 gold pieces.

Inventory:

Hand Weapons
 a - a +0 flail
 b - a +3 dagger of venom (weapon)
Missiles
 d - 2 throwing nets
 f - 21 stones (quivered)
Armour
 c - a +0 hat (worn)
 j - a +0 robe (worn)
Scrolls
 l - 2 scrolls of enchant weapon
Potions
 i - a potion of ambrosia


   Skills:
 - Level 2.6 Fighting
 + Level 2.8 Maces & Flails
 + Level 2.1 Throwing
 * Level 1.0 Armour
 - Level 2.6 Dodging
 * Level 1.1 Invocations
 * Level 0.8 Evocations


You had 2 spell levels left.
You didn't know any spells.
Your spell library was empty.

Dungeon Overview and Level Annotations

Branches:
Dungeon (2/15)

Altars:


Innate Abilities, Weirdness & Mutations

You are too large for most types of armour.
You have tough skin. (AC +1)
You are agile. (Dex +2)
You are resistant to electric shocks. (rElec)
You are weak. (Str -2)


Message History

The gnoll hits you with a +0 halberd!
You closely miss the gnoll. The gnoll hits you with a +0 halberd!
* * * LOW HITPOINT WARNING * * *
You are too injured to fight recklessly!
You are too injured to fight recklessly!
You are too injured to fight recklessly!
You are too injured to fight recklessly!
You are too injured to fight recklessly!
You are too injured to fight recklessly!
You are too injured to fight recklessly!
You are too injured to fight recklessly!
You are too injured to fight recklessly!
You are too injured to fight recklessly!
You are too injured to fight recklessly!
You are too injured to fight recklessly!
You are too injured to fight recklessly!
The gnoll closely misses you.
There is a stone staircase leading up here.
The gnoll hits you from afar with a +0 halberd!
You die...

#######
#.gg.@#
#.#####
#.# #g#
#.# #g#
#.. ###


You could see 2 gnolls.

Vanquished Creatures
  A dart slug (D:1)
  3 bats (D:1)
  A giant cockroach (D:1)
  A goblin (D:1)
  4 hobgoblins (D:1)
  2 jackals (D:1)
  A frilled lizard (D:1)
  4 kobolds (D:1)
  3 rats (D:1)
20 creatures vanquished.

Notes
Turn   | Place    | Note
-------+----------+-------------------------------------------
     0 | D:1      | Gadfly the Ogre Gladiator began the quest for the Orb.
     0 | D:1      | Reached XP level 1. HP: 22/22 MP: 1/1
   322 | D:1      | Reached XP level 2. HP: 27/29 MP: 2/2
   744 | D:1      | Reached skill level 1 in Invocations
  1123 | D:1      | Reached XP level 3. HP: 28/36 MP: 3/3
  1130 | D:1      | Gained mutation: Scrolls take you a little longer to read.
                  | [potion of mutation]
  1130 | D:1      | Gained mutation: You are partially covered in rugged brown
                  | scales. (AC +1, +3% HP) [potion of mutation]
  1130 | D:1      | Gained mutation: Your spells are a little harder to cast,
                  | but a little more powerful. [potion of mutation]
  1130 | D:1      | Gained mutation: You are agile. (Dex +2) [potion of
                  | mutation]
  1131 | D:1      | Lost mutation: Scrolls take you a little longer to read.
                  | [potion of mutation]
  1131 | D:1      | Lost mutation: Your spells are a little harder to cast, but
                  | a little more powerful. [potion of mutation]
  1131 | D:1      | Lost mutation: You are partially covered in rugged brown
                  | scales. (AC +1, +3% HP) [potion of mutation]
  1131 | D:1      | Gained mutation: You are resistant to electric shocks.
                  | (rElec) [potion of mutation]
  1131 | D:1      | Gained mutation: You are weak. (Str -2) [potion of
                  | mutation]
  1131 | D:1      | Gained mutation: You are very weak. (Str -4) [potion of
                  | mutation]
  1131 | D:1      | Lost mutation: You are very weak. (Str -4) [potion of
                  | mutation]
  1249 | D:1      | Reached skill level 1 in Armour
  1473 | D:2      | Slain by a gnoll

Illustrated notes

Levels and vault maps discovered:
D:1:      dpeg_arrival_signposts, layout_loops_cross
D:2:      layout_basic, lemuel_doored_altar

Skill      XL: |  1  2  3 |
---------------+----------+-----
Invocations    | 1 |  1.1
Armour         | 1 |  1.0
Fighting       | |  2.6
Maces & Flails | |  2.8
Throwing       | |  2.1
Dodging        | |  2.6
Evocations     | |  0.8

Action                   || total
-------------------------++-------
Melee: Flail             ||    50
       Dagger            ||    12
Throw: Throwing net      ||     2
  Use: Scroll            ||     6
       Potion            ||     2
Armor: Robe              ||    23
Dodge: Dodged            ||    43
